 Dungeon Crawl Stone Soup version 0.18-a0-1789-gbeff17f (webtiles) character file.

57166 Zhenya25pyc the Basher (level 14, 0/92 HPs)
             Began as a Gargoyle Fighter on Apr 21, 2016.
             Was the Champion of Makhleb.
             Slain by Rupert
             ... wielding a +5 executioner's axe of flaming
              (13 damage)
             ... on level 8 of the Lair of Beasts.
             The game lasted 01:29:42 (16759 turns).

Zhenya25pyc the Basher (Gargoyle Fighter)          Turns: 16759, Time: 01:29:43

Health: 0/92       AC: 39    Str: 29    XL:     14   Next: 85%
Magic:  0/29       EV: 16    Int: 16    God:    Makhleb [******]
Gold:   1244       SH:  0    Dex: 17    Spells: 0 memorised, 13 levels left

rFire  + . .     SeeInvis .     x - +1 eveningstar of Tiquuf {crush, +Blink Stlth+}
rCold  + . .     Gourm    .     Y - +2 shadow dragon armour
rNeg   + . .     Faith    .     c - +0 shield
rPois  ∞         Spirit   +     H - +1 hat {Int+3}
rElec  +         Dismiss  .     E - +2 cloak
rCorr  .         Reflect  .     X - +2 pair of gloves "Ofuwallo" {Int+4}
SustAt .         Harm     .     (no boots)
MR     +....     Clarity  +     g - amulet of guardian spirit
Stlth  ++++......               W - ring of Idiemimn {MP+9 Dex+4}
                                r - ring of protection from fire

@: confused, mighty, agile, flying, very slightly contaminated, drained,
somewhat resistant to hostile enchantments, stealthy
A: big wings, iridescent scales 1, blink, clarity, clumsy 1, cold resistance 1,
negative energy resistance 1, electricity resistance, unbreathing, petrification
resistance, no device heal 1, rot immunity, subdued magic 1, AC +9
a: Stop Flying, Blink, Minor Destruction, Lesser Servant of Makhleb, Major
Destruction, Greater Servant of Makhleb, Renounce Religion, Evoke Blink


You were on level 8 of the Lair of Beasts.
You worshipped Makhleb.
Makhleb was exalted by your worship.
You were hungry.

You visited 2 branches of the dungeon, and saw 20 of its levels.
You also visited: Labyrinth and Sewer.

You collected 1244 gold pieces.

Inventory:

Hand Weapons
 x - the +1 eveningstar of Tiquuf (weapon) {crush, +Blink Stlth+}
   (You acquired it on level 5 of the Lair of Beasts)

   It inflicts extra damage upon your enemies.
   It lets you blink.
   It makes you more stealthy.
Armour
 c - a +0 shield (worn)
 E - a +2 cloak (worn)
 H - a +1 hat of intelligence (worn)
 X - the +2 pair of gloves "Ofuwallo" (worn) {Int+4}
   (You found it in a labyrinth)

   It affects your intelligence (+4).
 Y - a +2 shadow dragon armour (worn)
Rods
 d - a +5 rod of shadows (13/13)
   (You took it off a minotaur in a labyrinth)
Jewellery
 g - an amulet of guardian spirit (around neck)
 r - a ring of protection from fire (left hand)
 v - a cursed amulet of inaccuracy {unknown}
 R - an uncursed ring of resist corrosion
 V - an uncursed ring of protection from cold
 W - the ring of Idiemimn (right hand) {MP+9 Dex+4}
   (You found it in a labyrinth)

   [ring of magical power]

   It affects your dexterity (+4).
   It affects your magic capacity (+9).
Wands
 z - a wand of confusion (24/48)
 A - a wand of acid (8/15)
 B - a wand of paralysis (14/24)
 D - a wand of slowing (25/48)
 F - a wand of hasting (6/9)
 I - a wand of hasting (2/9)
 L - a wand of slowing (22/48)
 T - a wand of digging (13/24)
Scrolls
 e - 4 scrolls of recharging
 h - 2 scrolls of enchant weapon
 i - a scroll of fear
 k - 2 scrolls of identify
 m - 12 scrolls of remove curse
 n - 8 scrolls of teleportation
 t - a scroll of holy word {unknown}
 w - 6 scrolls of blinking
 y - 6 scrolls of fog
 G - 4 scrolls of magic mapping
 J - a scroll of amnesia
 O - a scroll of vulnerability
 U - a scroll of torment
 Z - a scroll of brand weapon {unknown}
Potions
 a - a potion of cancellation
 l - a potion of resistance
 o - 2 potions of invisibility
 p - 2 potions of agility
 q - 4 potions of curing
 C - 2 potions of ambrosia
 S - 6 potions of haste
Comestibles
 b - 7 beef jerkies
 f - 14 bread rations
 j - 31 fruits
 s - 7 meat rations
 N - 4 slices of pizza


   Skills:
 + Level 12.7(12.2) Fighting
 + Level 14.5(13.9) Maces & Flails
 + Level 12.9(12.4) Armour
 + Level 5.6(5.1) Dodging
 + Level 10.5(10.0) Shields
 - Level 8.0(7.5) Invocations


You had 13 spell levels left.
You didn't know any spells.

Dungeon Overview and Level Annotations

Branches:
Dungeon (12/15)            Temple (0/1) D:4            Lair (8/8) D:9
  Swamp (0/4) Lair:6        Snake (0/4) Lair:6        Slime (0/6) Lair:6
    Orc (0/2) D:10

Altars:
Dithmenos
Gozag
Makhleb
Okawaru
Ru
Sif Muna
Yredelemnul
Zin

Shops:
D:5 *   D:9 *   D:10 (

Annotations:
D:12 Fannar
Lair:8 Rupert


Innate Abilities, Weirdness & Mutations

You are resistant to torment.
Your stone body is resilient (AC +9).
You are immune to poison.
Your large and strong wings let you fly indefinitely.
You resist negative energy.
You are resistant to electric shocks.
You can survive without breathing.
You are immune to petrification.
You are immune to rotting.
You are partially covered in iridescent scales (AC +4).
You can translocate small distances at will.
You possess an exceptional clarity of mind.
You are clumsy. (Dex -2)
Your flesh is cold resistant.
Potions and wands are less effective at restoring your health.
Your spells are a little easier to cast, but a little less powerful.


Message History

You hear a shout!
Drink which item? (? for menu, Esc to quit)
You are confused.
You feel invigorated.
You puncture the plant!
The plant is moderately damaged.
You're too confused to move!
You impale the fungus!!
The fungus is severely damaged.
Rupert closely misses you.
You impale the fungus!!
The fungus is almost destroyed.
Rupert hits you with an executioner's axe of flaming!
* * * LOW HITPOINT WARNING * * *
Rupert burns you.
* * * LOW HITPOINT WARNING * * *
You bludgeon Rupert!!
Rupert is almost dead.
Rupert hits you with an executioner's axe of flaming!!
You die...

.P.................PPPP.....P....
.§...P..............PP......P....
§≈§.P#..P.#...#.##...............
≈§§......P###### #...........≈≈≈.
≈≈.PP...###.## #........P..≈≈≈.
≈≈...P.P#...P#####...........≈≈≈P
.......P....P...##...............
...............PP@...............
................@P..............#
................PP...............
.................................
.................................
....P..P.........P....P..........
≈................<...##P.....≈≈§.
≈..P.........................≈§§§
.PP.........................≈§§§
.P.............P#...#...#...§§.


You could see Rupert (berserk).

Vanquished Creatures
  Gastronok (Lair:2)
  A minotaur (Lab)
  An ice dragon (Lair:6)
  10 hydras
  2 catoblepae
  A deep troll shaman (Lair:8)
  7 death yaks
  2 hill giants (D:12)
  The ghost of graki42 the Whirler, a novice HaHu (D:7)
  A lindwurm (Lair:8)
  2 griffons
  An ugly thing (D:8)
  5 black mambas
  10 elephants
  A gargoyle (D:10)
  9 spiny frogs
  A rime drake (Lair:7)
  5 komodo dragons
  5 giant leeches (Lair:6)
  A troll (D:11)
  Grinder (D:3)
  4 polar bears
  30 blink frogs
  A two-headed ogre (D:12)
  A spriggan (Lair:5)
  Eustachio (D:5)
  44 yaks
  2 wraiths
  A wyvern (D:11)
  A hungry ghost (D:11)
  4 basilisks
  2 humans (D:8)
  7 hippogriffs
  A naga (Lair:6)
  14 water moccasins
  A swamp drake (D:10)
  6 porcupines
  Purgy (Sewer)
  A black bear (Lair:5)
  7 orc warriors
  4 sky beasts
  3 ice beasts
  An eye of draining (D:10)
  8 wolves
  6 ogres
  The ghost of graki42 the Insei, an amateur DsMo (D:3)
  9 centaurs
  14 crocodiles
  14 giant frogs
  A big kobold (D:8)
  A wyvern zombie (D:12)
  A wyvern skeleton (D:6)
  4 scorpions
  7 electric eels
  6 howler monkeys
  6 wights
  8 crimson imps
  3 giant frog zombies
  5 orc priests
  A centaur zombie (D:10)
  3 giant frog skeletons
  3 hounds
  Crazy Yiuf (D:5)
  3 jellies
  A centaur skeleton (D:10)
  4 worker ants
  12 iguanas
  8 orc wizards
  Terence (D:2)
  A hound skeleton (D:11)
  A worker ant zombie (D:6)
  13 adders
  50 river rats
  5 shadow imps
  2 white imps (Lair:6)
  2 oozes (Lair:6)
  2 adder skeletons
  2 adder zombies (D:6)
  A worm (D:3)
  2 dart slugs
  4 giant geckos
  44 orcs
  6 bats
  8 giant cockroaches
  9 goblins
  5 hobgoblins
  9 jackals
  4 kobolds
  4 ball pythons
  A giant gecko zombie (D:7)
  6 giant newts
  8 rats
  A plant (D:3)
526 creatures vanquished.

Vanquished Creatures (collateral kills)
  Maud (Lair:7)
1 creature vanquished.

Vanquished Creatures (others)
  A crocodile (Lair:6)
  An orc (D:10)
  7 fungi
  13 plants
22 creatures vanquished.

Grand Total: 549 creatures vanquished

Notes
Turn   | Place    | Note
--------------------------------------------------------------
     0 | D:1      | Zhenya25pyc the Gargoyle Fighter began the quest for the Orb.
     0 | D:1      | Reached XP level 1. HP: 14/14 MP: 1/1
   166 | D:1      | Reached XP level 2. HP: 14/19 MP: 2/2
   643 | D:2      | Noticed Terence
   663 | D:2      | Killed Terence
   663 | D:2      | Reached XP level 3. HP: 15/24 MP: 1/3
   667 | D:2      | Reached skill level 3 in Maces & Flails
   707 | D:2      | Reached XP level 4. HP: 18/29 MP: 4/4
  1099 | D:2      | Found a burning altar of Makhleb.
  1109 | D:2      | Became a worshipper of Makhleb the Destroyer
  1138 | D:2      | Reached XP level 5. HP: 33/33 MP: 3/5
  1285 | D:3      | Noticed Grinder
  1359 | D:3      | Killed Grinder
  1359 | D:3      | Reached skill level 4 in Maces & Flails
  1359 | D:3      | Reached XP level 6. HP: 8/40 MP: 2/6
  1697 | D:3      | Reached skill level 5 in Armour
  1719 | D:3      | Noticed graki42's ghost (amateur DsMo)
  1761 | D:3      | Killed graki42's ghost
  1761 | D:3      | Reached skill level 5 in Fighting
  1761 | D:3      | Reached skill level 5 in Maces & Flails
  1761 | D:3      | Reached XP level 7. HP: 44/44 MP: 7/7
  1787 | D:3      | Reached * piety under Makhleb
  1826 | D:3      | Found a shadowy altar of Dithmenos.
  1995 | D:3      | You fall through a shaft for 3 floors!
  2111 | D:5      | Entered Level 5 of the Dungeon
  2139 | D:5      | Reached skill level 6 in Maces & Flails
  2152 | D:5      | Noticed Eustachio
  2240 | D:4      | Found a staircase to the Ecumenical Temple.
  2376 | D:4      | Reached XP level 8. HP: 28/51 MP: 2/8
  2389 | D:4      | Found an opulent altar of Gozag.
  2601 | D:4      | Found a glowing drain.
  2635 | Sewer    | Entered a sewer
  2662 | Sewer    | Noticed Purgy
  2682 | Sewer    | Killed Purgy
  3111 | D:4      | Reached ** piety under Makhleb
  3231 | D:5      | Killed Eustachio
  3231 | D:5      | Reached skill level 7 in Maces & Flails
  3333 | D:5      | Noticed Crazy Yiuf
  3343 | D:5      | Killed Crazy Yiuf
  3492 | D:5      | Got a fine flail
  3498 | D:5      | Identified the cursed +1 flail of Springtime {freeze, rElec Str+3} (You found it on level 5 of the Dungeon)
  3556 | D:5      | Found Japsatt's Assorted Antiques.
  3819 | D:6      | Found a basalt altar of Yredelemnul.
  3820 | D:6      | Found a glowing silver altar of Zin.
  4079 | D:6      | Reached skill level 8 in Maces & Flails
  4079 | D:6      | Reached XP level 9. HP: 56/56 MP: 9/9
  4465 | D:7      | Noticed graki42's ghost (novice HaHu)
  4524 | D:7      | Killed graki42's ghost
  4559 | D:7      | Gained mutation: Scrolls take you a little longer to read. [potion of mutation]
  4559 | D:7      | Gained mutation: You possess an exceptional clarity of mind. [potion of mutation]
  4559 | D:7      | Gained mutation: You are partially covered in iridescent scales (AC +4). [potion of mutation]
  4560 | D:7      | Gained mutation: Your body sometimes deteriorates upon taking damage. [potion of mutation]
  4560 | D:7      | Gained mutation: You are clumsy. (Dex -2) [potion of mutation]
  4708 | D:7      | Reached skill level 9 in Maces & Flails
  5015 | D:8      | Noticed a brown ugly thing
  5024 | D:8      | Killed a brown ugly thing
  5038 | D:8      | Reached *** piety under Makhleb
  5387 | D:8      | Reached skill level 10 in Maces & Flails
  5387 | D:8      | Reached XP level 10. HP: 64/64 MP: 10/10
  5393 | D:8      | Gained mutation: Potions and wands are less effective at restoring your health. [mutagenic meat]
  5395 | D:8      | Lost mutation: Scrolls take you a little longer to read. [mutagenic meat]
  5480 | D:8      | Found an iron altar of Okawaru.
  5756 | D:9      | Found a staircase to the Lair.
  5794 | D:9      | Found a deep blue altar of Sif Muna.
  5848 | D:9      | Found Feowemy's Demolitions Depot.
  5911 | D:9      | You fall through a shaft!
  5911 | D:10     | Entered Level 10 of the Dungeon
  5978 | D:10     | Reached **** piety under Makhleb
  6020 | D:10     | Found a staircase to the Orcish Mines.
  6124 | D:10     | Found Kegrosepn's Weapon Emporium.
  6273 | D:10     | Noticed a gargoyle
  6282 | D:10     | Killed a gargoyle
  6637 | D:9      | Reached skill level 11 in Maces & Flails
  6935 | D:11     | Found a sacrificial altar of Ru.
  7091 | D:11     | Reached ***** piety under Makhleb
  7099 | D:11     | Reached skill level 5 in Shields
  7115 | D:11     | Reached XP level 11. HP: 71/71 MP: 11/11
  7390 | D:11     | Gained mutation: Your spells are a little easier to cast, but a little less powerful. [mutagenic meat]
  7391 | D:11     | Gained mutation: Your flesh is cold resistant. [mutagenic meat]
  7394 | D:11     | Gained mutation: You are resistant to hostile enchantments. [mutagenic meat]
  7562 | D:11     | Noticed a hill giant
  7958 | D:12     | Noticed a hill giant
  7968 | D:12     | Killed a hill giant
  8125 | D:12     | Noticed a hill giant
  8130 | D:12     | Killed a hill giant
  8138 | D:12     | Reached skill level 12 in Maces & Flails
  8144 | D:12     | Reached skill level 10 in Fighting
  8166 | D:12     | Noticed a death knight
  8174 | D:12     | Reached skill level 10 in Armour
  8497 | D:12     | Noticed Fannar
  8650 | Lair:1   | Entered Level 1 of the Lair of Beasts
  8886 | D:9      | Reached ****** piety under Makhleb
  8886 | D:9      | Reached XP level 12. HP: 47/78 MP: 8/12
  9124 | Lair:1   | Reached skill level 13 in Maces & Flails
  9221 | Lair:1   | Noticed a four-headed hydra
  9235 | Lair:1   | Killed a four-headed hydra
  9250 | Lair:1   | Noticed a seven-headed hydra
  9265 | Lair:1   | Killed a seven-headed hydra
  9265 | Lair:1   | Reached skill level 1 in Invocations
  9443 | Lair:1   | Reached skill level 1 in Dodging
  9680 | Lair:2   | Noticed Gastronok
  9680 | Lair:2   | Noticed a seven-headed hydra
  9696 | Lair:1   | Killed a seven-headed hydra
  9817 | Lair:2   | Killed Gastronok
  9966 | Lair:2   | Noticed a four-headed hydra
  9973 | Lair:2   | Killed a four-headed hydra
 10191 | Lair:2   | Lost mutation: Your body sometimes deteriorates upon taking damage. [potion of mutation]
 10191 | Lair:2   | Gained mutation: You can translocate small distances at will. [potion of mutation]
 10191 | Lair:2   | Lost mutation: You are resistant to hostile enchantments. [potion of mutation]
 10943 | Lair:3   | Found a labyrinth entrance.
 10983 | Lab      | Entered a labyrinth
 11597 | Lab      | Noticed a minotaur
 11627 | Lab      | Noticed a five-headed hydra
 11627 | Lab      | Noticed a centaur warrior
 11631 | Lab      | Killed a minotaur
 11631 | Lab      | Reached XP level 13. HP: 35/84 MP: 0/16
 11642 | Lab      | Got a crude brass ring
 11643 | Lab      | Got a pair of heavily runed gloves
 11704 | Lair:3   | Identified the +2 pair of gloves "Ofuwallo" {Int+4} (You found it in a labyrinth)
 11718 | Lair:3   | Identified the ring of Idiemimn {MP+9 Dex+4} (You found it in a labyrinth)
 11838 | Lair:3   | Reached skill level 5 in Invocations
 13719 | Lair:5   | Identified a scroll of acquirement
 13723 | Lair:5   | Got a scorched eveningstar
 13724 | Lair:5   | Identified the +1 eveningstar of Tiquuf {crush, +Blink Stlth+} (You acquired it on level 5 of the Lair of Beasts)
 13807 | Lair:5   | Reached skill level 14 in Maces & Flails
 13823 | Lair:5   | Gained mutation: Your large and strong wings let you fly indefinitely. [Gargoyle growth]
 13823 | Lair:5   | Reached XP level 14. HP: 92/92 MP: 19/19
 13836 | Lair:5   | You fall through a shaft for 3 floors!
 13836 | Lair:8   | Entered Level 8 of the Lair of Beasts
 13966 | Lair:6   | Found a staircase to the Snake Pit.
 14595 | Lair:6   | Found a staircase to the Slime Pits.
 14760 | Lair:6   | Found a staircase to the Swamp.
 15357 | Lair:7   | Noticed Maud
 15363 | Lair:7   | Killed Maud
 15647 | Lair:7   | Reached skill level 5 in Dodging
 15995 | Lair:8   | Reached skill level 10 in Shields
 16289 | Lair:8   | Got a pitted iron amulet
 16310 | Lair:8   | Identified the amulet "Nidalu" {Harm *Drain Fragile rF+ rC+ MP+9} (You found it on level 8 of the Lair of Beasts)
 16477 | Lair:8   | Noticed Rupert
 16479 | Lair:8   | Noticed a cacodemon
 16734 | Lair:8   | Paralysed by Rupert for 5 turns
 16750 | Lair:8   | HP: 3/92 [Rupert/executioner's axe of flaming (15)]
 16750 | Lair:8   | HP: 1/92 [Rupert/executioner's axe of flaming (2)]
 16759 | Lair:8   | Slain by Rupert

Vault maps used:
D:1:      dpeg_arrival_fog
D:2:      makhleb_grotto_becter, first_bread, roderic_whirl, uniq_terence
D:3:      nemelex_altar_shiori, lemuel_crystal_altar, serial_bayou_lagoon_a,
          uniq_grinder
D:4:      nicolae_gozag_cash_rules_everything_around_me,
          minmay_temple_entry_mist, portal_sewer_entry_b
D:5:      serial_shops, shop, minmay_misc_feat_iff, uniq_crazy_yiuf_cottage,
          uniq_eustachio
D:6:      minitemple
D:8:      okawaru_humans, blue_anna_alchemist
D:9:      lemuel_doored_altar, lair_0_dummy, nicolae_blasting_shop
D:10:     erik_orc_1, serial_shops, shop
D:11:     basic_altar
D:12:     kennysheep_spiral_hall, uniq_fannar
Lair:2:   uniq_gastronok
Lair:3:   serial_bayou, serial_bayou_pond_b, serial_bayou_ford_a,
          serial_bayou_pond_a, serial_bayou_crossing, lab_entry_generic,
          cheibrodos_lair_reptile_den, infiniplex_staircase_pool_2
Lair:4:   serial_bayou, serial_bayou_lagoon_b, serial_bayou_pond_a,
          serial_bayou_pond_e, serial_bayou_lake_a
Lair:5:   st_stairs_3, grunt_forest_stairs_clearing
Lair:6:   minmay_swamp_entry_worms, guppyfry_snake_entry_island,
          nicolae_slime_entry_slimehenge, serial_bayou_pond_c,
          bobbens_ice_dragon_lair
Lair:7:   uniq_maud
Lair:8:   grunt_lair_end_beastmaster, disabler_island, lemuel_fruit_fields,
          uniq_rupert
Lab:      labyrinth_spiral, nicolae_lab_starburst
Sewer:    sewer_co_purgy_island

Skill      XL: |  1  2  3  4  5  6  7  8  9 10 11 12 13 14 |
---------------+-------------------------------------------+-----
Maces & Flails | 3 4 5 6 8 10 11 12 13 14 | 14.5
Armour         | 4 5 7 8 9 10 11 12 | 12.9
Fighting       | 4 5 6 8 9 10 11 12 | 12.7
Shields        | 5 6 8 9 10 | 10.5
Invocations    | 4 7 8 |  8.0
Dodging        | 2 4 5 |  5.6

Action                   |  1- 3 |  4- 6 |  7- 9 | 10-12 | 13-15 || total
-------------------------+-------+-------+-------+-------+-------++-------
Melee: Flail             |   120 |   230 |   479 |   941 |   600 ||  2370
       Eveningstar       |       |       |       |       |   506 ||   506
Invok: Greater Servant o |       |       |       |       |     3 ||     3
 Abil: Fly               |       |       |       |       |     1 ||     1
  Use: Scroll            |       |       |    19 |     6 |    12 ||    37
       Potion            |       |       |     3 |     5 |     3 ||    11
 Stab: Confused          |       |       |       |     1 |       ||     1
       Sleeping          |       |       |       |       |    13 ||    13
       Distracted        |       |       |       |       |     1 ||     1
  Eat: Chunk             |       |     3 |    12 |    27 |    15 ||    57
       Fruit             |       |       |     1 |     5 |     4 ||    10
Armor: Scale mail        |   138 |   125 |   364 |    66 |       ||   693
       Plate armour      |       |       |       |   511 |       ||   511
       Shadow dragon arm |       |       |       |       |   648 ||   648
Dodge: Dodged            |    80 |    64 |   137 |   194 |   335 ||   810
Block: Shield            |   103 |   105 |   251 |   473 |   611 ||  1543
